 Dungeon Crawl Stone Soup version 0.26-a0-651-gb41185065b (webtiles) character file.

Game seed: 2401211354150152170

(classic levelgen) 57044 EnegeticOcto the Severer (level 14, -2/132 HPs)
             Began as a Deep Dwarf Fighter on Oct 9, 2020.
             Was the Champion of Makhleb.
             Slain by a merfolk
             ... wielding a +0 trident
              (3 damage)
             ... on level 2 of the Shoals.
             The game lasted 00:10:57 (11727 turns).

EnegeticOcto the Severer (Deep Dwarf Fighter)      Turns: 11727, Time: 00:10:58

Health: -2/132     AC: 22    Str: 20    XL:     14   Next: 44%
Magic:  6/6        EV:  6    Int: 14    God:    Makhleb [******]
Gold:   797        SH: 17    Dex: 12    Spells: 13/13 levels left

rFire    + . .     SeeInvis .   a - +9 broad axe "Sooxi Sai" {vorpal, MR+}
rCold    . . .     Faith    +   E - +5 kite shield of Beyond {*Slow +Inv rF+ Int+3}
rNeg     + + +     Spirit   .   e - +0 plate armour
rPois    .         Reflect  .   y - +2 helmet
rElec    .         Harm     .   (no cloak)
rCorr    .         Rampage  .   b - +0 pair of gloves
MR       ++++.                  u - +1 pair of boots
Stlth    ..........             F - amulet of faith
HPRegen  0.00/turn              n - +4 ring of slaying {=R}
MPRegen  0.10/turn              A - ring "Laihumicude" {+Inv rN++ MR+ Str-3}

@: non-regenerating, very slow
A: damage resistance, heal wounds, negative energy resistance 1, sense
surroundings 2, no regeneration
a: Heal Wounds, Minor Destruction, Lesser Servant of Makhleb, Major Destruction,
Greater Servant of Makhleb, Renounce Religion, Evoke Invisibility


You were on level 2 of the Shoals.
You worshipped Makhleb.
Makhleb was exalted by your worship.
You visited 5 branches of the dungeon, and saw 21 of its levels.
You also visited: Ossuary and Ice Cave.

You collected 2011 gold pieces.
You spent 1214 gold pieces at shops.

Inventory:

Hand Weapons
 a - the +9 broad axe "Sooxi Sai" (weapon) {vorpal, MR+}
   (You acquired it on level 9 of the Dungeon)

   It inflicts extra damage upon your enemies.
   It affects your resistance to hostile enchantments.
Armour
 b - a +0 pair of gloves (worn)
 c - a +0 kite shield
 e - a +0 plate armour (worn)
 u - a +1 pair of boots (worn)
 y - a +2 helmet (worn)
 E - the +5 kite shield of Beyond (worn) {*Slow +Inv rF+ Int+3}
   (You acquired it in an ice cave)

   It affects your intelligence (+3).
   It protects you from fire.
   It lets you turn invisible.
   It may slow you when you take damage.
Jewellery
 n - a +4 ring of slaying (left hand) {=R}
 p - an uncursed ring of poison resistance
 A - the ring "Laihumicude" (right hand) {+Inv rN++ MR+ Str-3}
   (You acquired it on level 2 of the Orcish Mines)

   [ring of protection from magic]

   It affects your strength (-3).
   It greatly protects you from negative energy.
   It affects your resistance to hostile enchantments.
   It lets you turn invisible.
 F - an amulet of faith (around neck)
Wands
 j - a wand of enslavement (19)
 z - a wand of acid (21) {@v1}
Scrolls
 f - a scroll of teleportation {@r3}
 h - 2 scrolls of fear
 s - 2 scrolls of fog
 v - 3 scrolls of identify {@r1}
 w - 6 scrolls of remove curse {@r2}
 x - 2 scrolls of blinking
 B - a scroll of immolation {@r4}
 C - 2 scrolls of enchant weapon
Potions
 d - a potion of might {@q3}
 g - 4 potions of heal wounds {@q2}
 i - 4 potions of lignification {@q7}
 k - 3 potions of haste {@q4}
 l - 4 potions of ambrosia
 m - 5 potions of stabbing {@q5}
 o - a potion of flight
 q - 5 potions of curing {@q1}
 r - a potion of magic
 G - a potion of invisibility
 H - a potion of cancellation {unknown}
Miscellaneous
 t - a phantom mirror
 D - a box of beasts (3/3)


   Skills:
 + Level 10.0 Fighting
 * Level 15.3 Axes
 + Level 11.7 Armour
 + Level 11.7 Shields
 * Level 14.6 Invocations


You had 13 spell levels left.
You didn't know any spells.
Your spell library was empty.

Dungeon Overview and Level Annotations

Branches:
Dungeon (12/15)            Temple (1/1) D:7            Lair (4/6) D:8
 Shoals (2/4) Lair:2        Snake (0/4) Lair:4          Orc (2/2) D:12
    Elf (0/3) Orc:2       Ossuary (visited)           IceCv (visited)

Altars:
Ashenzari
Dithmenos
Elyvilon
Fedhas
Gozag
Hepliaklqana
Kikubaaqudgha
Makhleb
Nemelex Xobeh
Qazlal
Ru
Sif Muna
Trog
Uskayaw
Vehumet
Wu Jian
Xom
Yredelemnul
Zin
The Shining One

Shops:
D:8 ?   D:9 ?   Orc:2 }?:?

Annotations:
D:12 2 transporters, Baucwoji's ghost, journeyman DDFi


Innate Abilities, Weirdness & Mutations

You are resistant to damage.
You can heal yourself by infusing magical energy.
You resist negative energy. (rN+)
You passively map the area around you.
You do not regenerate.


Message History

* * * LOW HITPOINT WARNING * * *
Your lungs strain for air!
Your iron imp barely misses the water elemental.
The water elemental hits you!
* * * LOW HITPOINT WARNING * * *
The manticore bites your smoke demon!!
The manticore claws your smoke demon. x2
The merfolk hits you but does no damage.
The snapping turtle bites you but does no damage.
The wind drake flaps its wings at you. The air twists around and strikes you.
Your smoke demon gestures at the manticore.
The ball of steam hits the manticore!
The ball of steam hits the cyclops!! x2
The merfolk siren chants a haunting song.
You resist with almost no effort.
The cyclops is engulfed in a cloud of scalding steam.
The water nymph touches your smoke demon.
Your quasit closely misses the water elemental.
Your quasit claws the water elemental but does no damage. x2
The merfolk hits your neqoxec with a +0 trident.
Your neqoxec closely misses the merfolk.
The merfolk siren hits your smoke demon with a +0 trident!
Your smoke demon dies!
The cyclops shouts!
You feel much better.
Your lungs strain for air!
The merfolk hits you from afar with a +0 trident!
* * * LOW HITPOINT WARNING * * *
The manticore is engulfed in a cloud of scalding steam.
The water elemental hits your quasit!
Your quasit dies!
The snapping turtle bites you but does no damage.
The merfolk hits you from afar with a +0 trident!
* * * LOW HITPOINT WARNING * * *
Your iron imp splashes around in the water.
The merfolk siren chants a haunting song.
You resist with almost no effort.
Your iron imp splashes around in the water.
Your neqoxec misses the merfolk.
The merfolk hits your neqoxec with a +0 trident!
The cyclops is engulfed in a cloud of scalding steam. x2
The cyclops throws a large rock.
The large rock hits you!
* * * LOW HITPOINT WARNING * * *
You shred the net and break free!
* * * LOW HITPOINT WARNING * * *
Your lungs strain for air!
You block the merfolk's attack.
The manticore is engulfed in a cloud of scalding steam.
You block the water elemental's attack.
The snapping turtle bites you but does no damage.
The cyclops hits you but does no damage.
A faun comes into view. It is wielding a +0 spear.
A cyclops comes into view.
The merfolk siren hits you but does no damage.
You block the merfolk's attack.
Your iron imp hits the water elemental. x2
Your neqoxec hits the merfolk!
The merfolk completely misses your neqoxec.
Your magical essence is drained by the effort!
You feel much better.
* * * LOW HITPOINT WARNING * * *
Your lungs strain for air!
The manticore bites you.
* * * LOW HITPOINT WARNING * * *
You block the manticore's attack.
The manticore claws you but does no damage.
You block the merfolk's attack. The water elemental hits your iron imp.
The water elemental engulfs your iron imp in water!
You block the snapping turtle's attack.
The merfolk siren chants a haunting song.
You resist with almost no effort.
The cyclops throws a large rock.
You block the large rock.
Splash!
You fall into the shallow water.
Moving in this stuff is going to be slow.
The merfolk hits you from afar with a +0 trident.
* * * LOW HITPOINT WARNING * * *
The cyclops hits you but does no damage.
Your neqoxec hits the merfolk!
Your iron imp splashes around in the water.
The cyclops is engulfed in a cloud of scalding steam.
The merfolk barely misses your neqoxec.
Your iron imp hits the water elemental.
You slip free of the water engulfing you.
You gasp with relief as air once again reaches your lungs.
The manticore barely misses you. You block the manticore's attack. x2
The water elemental hits your iron imp!
Your iron imp dies!
The merfolk hits you from afar with a +0 trident.
* * * LOW HITPOINT WARNING * * *
The snapping turtle bites you but does no damage.
Splash!
You fall into the shallow water.
Moving in this stuff is going to be slow.
The merfolk siren hits you with a +0 spear.
* * * LOW HITPOINT WARNING * * *
The wind drake flaps its wings at you. The air twists around and strikes you!
* * * LOW HITPOINT WARNING * * *
The merfolk siren chants a haunting song.
You resist with almost no effort.
Your neqoxec hits the merfolk.
The merfolk hits you from afar with a +0 trident.
You die...

,≈ ≈
≈≈≈≈≈≈≈≈≈≈≈≈≈..####....... ≈
≈≈≈≈≈≈≈≈≈≈≈...≈.......≈≈.. ,
≈≈≈≈≈≈≈≈≈..............≈≈.
≈≈≈≈≈≈≈≈≈≈..................
≈ ≈≈≈≈≈≈≈.###.<..#.....≈≈...
≈ ≈ ≈≈≈≈≈≈≈≈.#
##.##.......≈≈.( ≈
≈≈≈≈≈≈≈.## #.###....≈≈≈≈..
≈≈≈≈≈≈≈≈E##### #....≈≈≈≈..
≈≈≈≈≈≈≈5m@## ##...≈≈≈..≈ ≈
≈≈≈≈≈≈3)CHm## #..)≈≈≈..≈ ≈
≈≈≈≈≈≈mCtCmm.## ##..≈≈≈≈≈≈
≈≈≈≈CkCCm≈c..# #..≈≈≈≈≈≈ ≈
≈≈≈≈≈C§≈≈≈≈≈..# ##......≈≈ ≈
≈≈≈≈≈≈≈≈≈≈≈≈≈≈.###........≈
≈ ≈ ≈
≈≈C≈≈≈≈≈≈≈c...†.........≈ ≈
≈§.≈≈≈≈≈≈≈≈≈≈≈≈≈≈....≈≈≈≈ ≈
≈≈≈≈≈≈≈≈≈≈≈≈≈≈≈≈..≈≈≈≈≈


You could see a snapping turtle, a wind drake (repels missiles), 3 merfolk, 2
fauns, a manticore, 8 cyclopes, a water elemental (unaware), 2 merfolk sirens, a
water nymph, a friendly neqoxec (summoned) and a friendly iron imp (summoned).

Vanquished Creatures
  Gastronok (Lair:2)
  A frost giant (IceCv)
  An orc warlord (D:12)
  A merfolk impaler (Shoals:2)
  A fire dragon (Lair:4)
  2 hydras (Lair:4)
  A merfolk aquamancer (Shoals:1)
  2 two-headed ogres
  2 death knights
  4 orc high priests (Orc:2)
  Nergalle (D:11)
  Sonja (Lair:3)
  A skeletal warrior (D:12)
  2 sea snakes
  An unseen horror (D:11)
  A deep elf mage (D:12)
  2 orc sorcerers (Orc:2)
  A manticore (Shoals:1)
  A cyclops (D:11)
  2 ugly things (D:11)
  A merfolk siren (Shoals:1)
  4 black mambas
  4 cane toads
  Maurice (D:9)
  An ice statue (IceCv)
  7 rime drakes (Lair:4)
  A freezing wraith (D:12)
  3 kobold demonologists (D:12)
  3 komodo dragons
  5 trolls
  13 polar bears (IceCv)
  2 merfolk
  A wind drake (Shoals:2)
  8 hippogriffs
  Sigmund (D:6)
  41 yaks
  4 wraiths
  2 wyverns
  3 shadows
  A water elemental (Shoals:2)
  2 basilisks (Lair:3)
  11 steam dragons (Lair:4)
  4 wargs
  Menkaure (D:6)
  A soldier ant (D:12)
  An acid dragon (D:12)
  Duvessa (D:6)
  6 porcupines
  13 water moccasins
  19 orc warriors
  2 black bears
  13 ice beasts
  A sky beast (D:12)
  2 necrophages
  11 wolves (IceCv)
  9 ogres
  10 centaurs
  4 phantoms
  3 crocodiles (Lair:3)
  4 elf zombies (Ossuary)
  5 big kobolds
  8 bullfrogs
  A gnoll sergeant (D:9)
  Dowan (D:6)
  3 wyvern skeletons
  6 scorpions
  A water moccasin skeleton (D:5)
  5 killer bees (D:10)
  A troll zombie (D:12)
  9 wights
  5 howler monkeys
  4 centaur zombies
  2 quasits
  A bullfrog zombie (D:11)
  3 hounds
  A jelly (D:6)
  A human zombie (Ossuary)
  26 orc priests
  26 orc wizards
  2 centaur skeletons
  Jessica (D:3)
  2 bullfrog skeletons
  8 worker ants
  An iguana (D:11)
  2 killer bee zombies
  5 ogre zombies (D:12)
  A hound skeleton (D:9)
  2 mummies (Ossuary)
  2 worker ant zombies
  10 gnolls
  10 adders
  2 shadow imps
  7 white imps
  An ooze (D:6)
  An ufetubus (D:9)
  2 adder zombies
  3 dart slugs
  5 leopard geckos
  75 orcs
  2 giant cockroaches (D:4)
  2 goblins (D:1)
  A hobgoblin (D:1)
  4 jackals (D:9)
  4 quokkas
  A goblin skeleton (D:12)
  A goblin zombie (D:12)
  8 hobgoblin zombies
  A jackal skeleton (D:4)
  24 kobolds
  15 kobold zombies (Ossuary)
  2 leopard gecko skeletons
  A leopard gecko zombie (D:8)
  5 orc skeletons (D:12)
  16 orc zombies
  2 rats (D:3)
  2 rat zombies (Ossuary)
  A bush (Lair:4)
596 creatures vanquished.

Vanquished Creatures (collateral kills)
  A merfolk avatar (Shoals:2)
  2 sea snakes (Shoals:2)
  A manticore (Shoals:2)
  3 rime drakes (Lair:4)
  2 merfolk
  A wind drake (Shoals:2)
  A water elemental (Shoals:1)
  A steam dragon (Lair:4)
  A swamp worm (Lair:4)
  An orc warrior (Orc:2)
  2 orc priests (Orc:2)
  2 orc wizards (Orc:2)
  2 orcs (Orc:2)
20 creatures vanquished.

Vanquished Creatures (others)
  2 yaks (IceCv)
  7 fungi
  24 plants
33 creatures vanquished.

Grand Total: 649 creatures vanquished

Notes
Turn   | Place    | Note
-------+----------+-------------------------------------------
     0 | D:1      | EnegeticOcto the Deep Dwarf Fighter began the quest for the
                  | Orb.
     0 | D:1      | Reached XP level 1. HP: 20/20 MP: 1/1
   168 | D:3      | Reached XP level 2. HP: 20/27 MP: 2/2
   235 | D:3      | Noticed Jessica
   239 | D:3      | Killed Jessica
   239 | D:3      | Reached skill level 3 in Axes
   239 | D:3      | Reached XP level 3. HP: 22/34 MP: 3/3
   411 | D:4      | Reached XP level 4. HP: 42/42 MP: 3/3
   411 | D:4      | Reached skill level 4 in Axes
   411 | D:4      | Reached XP level 5. HP: 49/49 MP: 4/4
   426 | D:4      | Found an opulent altar of Gozag.
   478 | D:4      | Reached XP level 6. HP: 27/56 MP: 4/4
   548 | D:4      | Found a sand-covered staircase.
   575 | Ossuary  | Entered an ossuary
   685 | Ossuary  | Reached skill level 5 in Axes
   720 | Ossuary  | Reached skill level 5 in Armour
   720 | Ossuary  | Reached XP level 7. HP: 61/64 MP: 4/4
   746 | Ossuary  | Reached skill level 5 in Shields
   771 | Ossuary  | Reached skill level 6 in Axes
   980 | D:4      | Found a shadowy altar of Dithmenos.
  1221 | D:5      | Entered Level 5 of the Dungeon
  1306 | D:5      | Reached XP level 8. HP: 52/73 MP: 5/5
  1322 | D:5      | Reached skill level 7 in Axes
  1849 | D:5      | Found a radiant altar of Vehumet.
  1850 | D:5      | Found a shimmering altar of Xom.
  1967 | D:5      | Found a glowing silver altar of Zin.
  1967 | D:5      | Noticed an angel
  2211 | D:6      | Reached skill level 5 in Fighting
  2307 | D:6      | Found a blossoming altar of Fedhas.
  2365 | D:6      | Reached skill level 8 in Axes
  2368 | D:6      | Found a sacrificial altar of Ru.
  2565 | D:6      | Gained mutation: You passively map the area around you.
                  | [Deep Dwarf growth]
  2565 | D:6      | Reached XP level 9. HP: 64/81 MP: 6/6
  2782 | D:6      | Noticed Duvessa
  2782 | D:6      | Noticed Dowan
  2789 | D:6      | Killed Duvessa
  2793 | D:6      | Killed Dowan
  2833 | D:6      | Reached skill level 9 in Axes
  2896 | D:6      | Noticed Sigmund
  2907 | D:6      | Killed Sigmund
  2927 | D:6      | Noticed Menkaure
  2932 | D:6      | Killed Menkaure
  3412 | D:7      | Reached skill level 10 in Axes
  3616 | D:7      | Found a staircase to the Ecumenical Temple.
  3853 | Temple   | Entered the Ecumenical Temple
  4055 | Temple   | Became a worshipper of Makhleb the Destroyer
  4165 | D:8      | Found a staircase to the Lair.
  4172 | D:8      | Reached skill level 1 in Invocations
  4181 | D:8      | Reached XP level 10. HP: 66/92 MP: 5/7
  4200 | D:8      | Found a bloodstained altar of Trog.
  4409 | D:8      | Found Keaxkan's Magic Scroll Emporium.
  4924 | D:9      | Reached * piety under Makhleb
  4925 | D:9      | Found Bebluc's Magic Scroll Shoppe.
  4933 | D:9      | Bought a scroll of brand weapon for 240 gold pieces
  5010 | D:9      | Identified a scroll of acquirement
  5010 | D:9      | Acquired the +9 broad axe "Sooxi Sai" {vorpal, MR+}
  5150 | D:9      | Noticed Maurice
  5156 | D:9      | Killed Maurice
  5156 | D:9      | Reached skill level 5 in Invocations
  5633 | D:10     | Entered Level 10 of the Dungeon
  5648 | D:10     | Reached ** piety under Makhleb
  5648 | D:10     | Reached skill level 11 in Axes
  5750 | D:10     | Reached XP level 11. HP: 100/100 MP: 9/9
  5793 | D:10     | Reached *** piety under Makhleb
  6053 | D:10     | Noticed a two-headed ogre
  6063 | D:10     | Killed a two-headed ogre
  6188 | D:11     | Noticed Nergalle
  6199 | D:11     | Killed Nergalle
  6230 | D:11     | Noticed a white ugly thing
  6243 | D:11     | Killed a white ugly thing
  6291 | D:11     | Killed an unseen horror
  6346 | D:11     | Found a glowing golden altar of the Shining One.
  6474 | D:11     | Noticed a white ugly thing
  6482 | D:11     | Killed a white ugly thing
  6482 | D:11     | Reached **** piety under Makhleb
  6482 | D:11     | Reached skill level 12 in Axes
  6567 | D:11     | Noticed a death knight
  6567 | D:11     | Noticed a two-headed ogre
  6580 | D:11     | Killed a two-headed ogre
  6582 | D:11     | Killed a death knight
  6980 | D:12     | Found a staircase to the Orcish Mines.
  7056 | D:12     | Found a transporter.
  7074 | D:12     | Noticed Baucwoji's ghost (journeyman DDFi)
  7139 | D:12     | Found a transporter.
  7146 | D:12     | Reached XP level 12. HP: 104/110 MP: 11/11
  7202 | D:12     | Reached skill level 10 in Invocations
  7211 | D:12     | Reached ***** piety under Makhleb
  7479 | D:12     | Noticed a death knight
  7502 | D:12     | Killed a death knight
  7520 | D:12     | Reached skill level 10 in Shields
  7558 | D:12     | Reached skill level 10 in Armour
  7832 | Orc:1    | Entered Level 1 of the Orcish Mines
  7855 | Orc:1    | Reached skill level 13 in Axes
  7858 | Orc:1    | Noticed an orc warlord
  7999 | D:12     | Killed an orc warlord
  8110 | Orc:2    | Entered Level 2 of the Orcish Mines
  8288 | Orc:2    | Noticed an orc high priest
  8288 | Orc:2    | Noticed an orc high priest
  8292 | Orc:2    | Killed an orc high priest
  8300 | Orc:2    | Killed an orc high priest
  8301 | Orc:2    | Found Tyiharil's Magic Scroll Shop.
  8303 | Orc:2    | Found Bennam's Magic Scroll Boutique.
  8306 | Orc:2    | Found Belitas's Gadget Boutique.
  8310 | Orc:2    | Noticed an orc high priest
  8317 | Orc:2    | Found Xuokut's Book Shop.
  8322 | Orc:2    | Killed an orc high priest
  8323 | Orc:2    | Noticed an orc high priest
  8333 | Orc:2    | Killed an orc high priest
  8385 | Orc:2    | Reached XP level 13. HP: 120/120 MP: 7/7
  8498 | Orc:2    | Found a staircase to the Elven Halls.
  8651 | Orc:2    | Found a dark tunnel.
  9182 | Orc:2    | Bought a scroll of acquirement for 780 gold pieces
  9182 | Orc:2    | Acquired the ring "Laihumicude" {+Inv rN++ MR+ Str-3}
  9189 | Orc:2    | Bought a scroll of immolation for 52 gold pieces
  9189 | Orc:2    | Bought a scroll of immolation for 52 gold pieces
  9189 | Orc:2    | Bought a scroll of teleportation for 45 gold pieces
  9189 | Orc:2    | Bought a scroll of teleportation for 45 gold pieces
  9342 | Lair:1   | Entered Level 1 of the Lair of Beasts
  9495 | Lair:2   | Noticed Gastronok
  9504 | Lair:2   | Killed Gastronok
  9695 | Lair:2   | Found a staircase to the Shoals.
  9902 | Lair:3   | Found a frozen archway.
  9903 | Lair:3   | Reached ****** piety under Makhleb
  9913 | Lair:3   | Reached skill level 14 in Axes
  9920 | IceCv    | Entered an ice cave
  9975 | IceCv    | Acquired the +5 kite shield of Beyond {*Slow +Inv rF+
                  | Int+3}
 10155 | IceCv    | Noticed a frost giant
 10161 | IceCv    | Killed a frost giant
 10180 | IceCv    | Found the +8 Wrath of Trog {antimagic, *Rage}
 10504 | Lair:3   | Noticed Sonja
 10511 | Lair:3   | Killed Sonja
 10966 | Lair:4   | Gained mutation: You resist negative energy. (rN+) [Deep
                  | Dwarf growth]
 10966 | Lair:4   | Reached XP level 14. HP: 99/130 MP: 10/10
 11183 | Lair:4   | Reached skill level 15 in Axes
 11369 | Lair:4   | Found a staircase to the Snake Pit.
 11477 | Shoals:1 | Entered Level 1 of the Shoals
 11649 | Shoals:2 | Reached skill level 10 in Fighting
 11727 | Shoals:2 | HP: 1/132 [wind drake/the air (16)]
 11727 | Shoals:2 | Slain by a merfolk

Illustrated notes

Levels and vault maps discovered:
D:1:      dpeg_arrival_erosion, layout_loops_corners,
          hangedman_decor_peaks_small, st_stairs_9
D:2:      layout_basic, kennysheep_okawaru_gauntlet, old_standard_altar,
          gammafunk_temple_overflow_statue
D:3:      layout_basic, lemuel_doored_altar, uniq_jessica
D:4:      layout_basic, nicolae_overflow_crystal_walls, old_standard_altar,
          nicolae_ossuary_entry_monument
D:5:      layout_basic, gammafunk_temple_overflow_pools, zin_angel
D:6:      layout_layer_cave, basic_altar, fedhas_altar_1, uniq_duvessa,
          uniq_sigmund, uniq_menkaure
D:7:      layout_basic, minmay_temple_entry_slanted
D:8:      layout_basic, lemuel_crystal_altar, erik_lair_orcish_takeover,
          serial_shops, nicolae_shop_waterfront
D:9:      layout_loops_corners, serial_shops, nicolae_shop_crystal, uniq_maurice
D:10:     layout_layer_cave, chequers_decorated_corner
D:11:     minmay_recursive_quarters, layout_basic, tso_metal_star, uniq_nergalle
D:12:     layout_loops_corners, zombieorc1_lemuel, gammafunk_ghost_stat_death
Temple:   bh_familiar_temple
Lair:1:   layout_hall_layers, grunt_megastairs_5, serial_bayou_shore_b,
          lemuel_fruit_fields
Lair:2:   layout_loops_ring, minmay_shoals_entry_centaurs,
          chequers_serial_rivers_small_b, uniq_gastronok
Lair:3:   layout_loops_ring, portal_ice_cave_entry_ice_beasts,
          lemuel_fruit_fields, uniq_sonja
Lair:4:   onia_ninara_swampy_vault, layout_hall_layers, minmay_hedge_maze,
          bobbens_dragon_lair_wall
Shoals:1: layout_shoals
Shoals:2: layout_shoals, st_cyclops
Orc:1:    layout_caves, uniq_harold
Orc:2:    st_orc_mages, layout_caves, lightli_volcano_entry_magma_tube

Skill      XL: |  1  2  3  4  5  6  7  8  9 10 11 12 13 14 |
---------------+-------------------------------------------+-----
Fighting       | 3 4 5 6 7 8 9 10 | 10.0
Axes           | 3 4 5 6 8 10 11 12 13 14 15 | 15.3
Armour         | 4 5 6 7 8 9 10 11 | 11.7
Shields        | 4 5 6 7 8 9 10 11 | 11.7
Invocations    | 1 6 9 11 13 14 | 14.6

Action                   |  1- 3 |  4- 6 |  7- 9 | 10-12 | 13-15 || total
-------------------------+-------+-------+-------+-------+-------++-------
Melee: War axe           |    42 |   170 |   400 |   116 |       ||   728
       Broad axe         |       |       |       |   517 |   428 ||   945
Invok: Lesser Servant of |       |       |       |     2 |     8 ||    10
       Greater Servant o |       |       |       |       |     1 ||     1
 Abil: Heal Wounds       |     3 |     9 |    11 |    38 |    17 ||    78
Evoke: Wand              |       |       |       |     7 |       ||     7
       Phantom mirror    |       |       |       |       |     1 ||     1
  Use: Scroll            |       |       |    16 |    10 |    12 ||    38
       Potion            |       |       |       |     2 |       ||     2
 Stab: Distracted        |       |       |       |     1 |     1 ||     2
Armor: Scale mail        |     8 |       |       |       |       ||     8
       Plate armour      |    16 |   122 |   264 |   271 |   260 ||   933
Dodge: Dodged            |    14 |    30 |    61 |    91 |    91 ||   287
Block: Kite shield       |    27 |    90 |   232 |   300 |   372 ||  1021

Table legend: (Time is in decaauts)
 A = Elapsed time spent in this place.
 B = Non-inter-level travel time spent in this place.
 C = Inter-level travel time spent in this place.
 D = Time resting spent in this place.
 E = Time spent auto-exploring this place.
 F = Levels seen in this place.
 G = Mean time per level.
                   A        B        C        D        E       F      G
               +--------+--------+--------+--------+--------+-----+--------+
         Total |  11895 |  10921 |    974 |    110 |   7529 |  23 |  517.2 |
       Dungeon |   7889 |   7183 |    706 |    100 |   5175 |  12 |  657.4 |
        Temple |    230 |    177 |     53 |      0 |    175 |   1 |  230.0 |
          Lair |   1812 |   1738 |     74 |      0 |   1251 |   4 |  453.0 |
        Shoals |    264 |    253 |     11 |      0 |     72 |   2 |  132.0 |
  Orcish Mines |   1067 |    939 |    128 |      0 |    712 |   2 |  533.5 |
       Ossuary |    331 |    331 |      0 |      0 |     90 |   1 |  331.0 |
      Ice Cave |    299 |    299 |      0 |     10 |     53 |   1 |  299.0 |
               +--------+--------+--------+--------+--------+-----+--------+

Top non-repeatable levels by time:
    D:12: 1197 daAuts
     D:6: 1073 daAuts
     D:9: 982 daAuts
     D:5: 937 daAuts
   Orc:2: 898 daAuts
    D:11: 792 daAuts
     D:4: 708 daAuts
  Lair:3: 700 daAuts
     D:8: 695 daAuts
     D:7: 692 daAuts
  Lair:4: 546 daAuts
  Lair:2: 520 daAuts
    D:10: 515 daAuts
 Ossuary: 331 daAuts
   IceCv: 299 daAuts
